AoeStats
← Didi

Coastal Forest

510420350Analyzed
4v4 RM · 2d ago on Sep 30, 2026· 47m 36s· 8 players
Game mode
Random Map
Map size
Large (8 player)
Population
200
Speed
Normal
Resources
Standard
Victory
Conquest
Starting age
Dark Age
Ending age
Imperial Age
RankedLock teamsTeams togetherTeam positionsShared explorationLock speedFull tech treeHidden civsTurbo modeCheats
Victory
Defeat
🇨🇱 Spanish · Chile
1642
+12
🇦🇷 Ethiopians · Argentina
1617
+13
🇵🇪 Khmer · Peru
1569
+15
🇵🇪 Bengalis · Peru
1551
+16
🇦🇷 Ethiopians · Argentina
1604
-16
🇦🇷 Vikings · Argentina
1572
-15
🇦🇷 Magyars · Argentina
1517
-13
🇦🇷 Mongols · Argentina
1496
-12
AM | Pipi Romagnoli
8:21 Loom
10:15 Feudal Age
13:30 Double-Bit Axe
13:39 Fletching
14:51 Padded Archer Armor
15:15 Horse Collar
23:40 Castle Age
23:31 Wheelbarrow
23:43 Crossbowman
24:24 Bodkin Arrow
26:35 Bow Saw
30:22 Ballistics
30:39 Bloodlines
30:29 Husbandry
35:26 Hand Cart
37:52 Imperial Age
35:19 Town Watch
35:43 Heavy Plow
37:38 Thumb Ring
39:07 Heavy Cavalry Archer
44:16 Chemistry
44:05 Bracer
46:32 Leather Archer Armor
URU | Deo
10:31 Feudal Age
9:47 Loom
14:56 Castle Age
12:54 Double-Bit Axe
14:07 Fletching
15:35 Bodkin Arrow
17:15 Crossbowman
26:00 Horse Collar
29:30 Bow Saw
29:11 Town Watch
32:14 Medium Warships
35:05 Town Patrol
37:41 Imperial Age
35:55 Heavy Plow
37:51 Arbalester
38:36 Bracer
39:29 Scale Mail Armor
39:29 Padded Archer Armor
42:06 Chemistry
41:46 Chain Mail Armor
41:41 Forging
41:34 Squires
41:33 Gold Mining
41:33 Stone Mining
42:33 Ballistics
42:59 Coinage
44:28 Plate Mail Armor
44:30 Elite Varangian Guard
46:38 Iron Casting
46:27 Arson
48:23 Conscription
FGK | Schwang
6:35 Loom
8:52 Feudal Age
9:53 Double-Bit Axe
9:50 Horse Collar
19:54 Castle Age
18:02 Scale Barding Armor
18:31 Forging
18:22 Gold Mining
20:53 Bow Saw
21:06 Bloodlines
21:38 Chain Barding Armor
22:03 Husbandry
36:21 Iron Casting
37:19 Fletching
40:03 Wheelbarrow
39:14 Town Watch
42:55 Imperial Age
43:25 Gold Shaft Mining
42:41 Stone Mining
44:11 Coinage
44:44 Blast Furnace
43:07 Heavy Camel Rider
45:36 Hand Cart
47:14 Conscription
Casitas Voy
5:58 Loom
11:44 Feudal Age
15:43 Castle Age
14:07 Double-Bit Axe
17:31 Bow Saw
17:02 Horse Collar
20:18 Town Watch
23:44 Wheelbarrow
24:24 Heavy Plow
25:32 Hand Cart
27:22 Gold Mining
27:23 Stone Mining
29:02 Gold Shaft Mining
31:31 Imperial Age
30:13 Fletching
30:58 Bodkin Arrow
31:22 Padded Archer Armor
31:48 Ballistics
31:51 Crossbowman
32:40 Bracer
33:41 Chemistry
33:31 Leather Archer Armor
33:53 Thumb Ring
34:47 Conscription
35:21 Ring Archer Armor
34:12 Arbalester
35:23 Masonry
36:15 Scale Mail Armor
36:25 Forging
38:45 Chain Mail Armor
39:06 Iron Casting
38:46 Capped Ram
39:16 Halberdier
39:57 Squires
40:27 Plate Mail Armor
41:42 Blast Furnace
42:44 Siege Ram
44:12 Coinage
[CL] ElPali
2:54 Loom
10:32 Feudal Age
10:57 Town Watch
11:52 Double-Bit Axe
19:43 Castle Age
18:24 Stone Mining
18:27 Gold Mining
23:44 Wheelbarrow
24:14 Horse Collar
28:51 Hand Cart
37:19 Imperial Age
34:52 Fletching
35:02 Padded Archer Armor
35:37 Elite Skirmisher
36:29 Town Patrol
36:50 Bow Saw
37:43 Bodkin Arrow
38:03 Leather Archer Armor
38:34 Conscription
39:43 Chemistry
39:24 Thumb Ring
39:39 Bracer
40:09 Ring Archer Armor
40:17 Heavy Plow
41:20 Two-Man Saw
43:10 Ballistics
46:36 Stone Mining
BigBanana
11:28 Feudal Age
11:36 Loom
11:56 Double-Bit Axe
14:59 Castle Age
15:29 Castle Age
13:21 Gold Mining
13:12 Horse Collar
16:05 Town Watch
16:35 Bow Saw
17:09 Medium Warships
16:56 Fletching
17:41 Bodkin Arrow
17:31 Fishing Lines
21:45 Ballistics
21:42 Gillnets
22:28 Careening
23:25 Clinker Construction
28:29 Imperial Age
26:53 Gold Shaft Mining
28:33 Wheelbarrow
28:42 Stone Mining
29:34 Bracer
30:37 Chemistry
32:08 Stone Shaft Mining
32:19 Hand Cart
32:24 Cavalier
33:16 Bloodlines
33:06 Husbandry
32:35 Elite Battle Elephant
33:46 Heavy Warships
34:46 Scale Barding Armor
34:52 Forging
36:06 Chain Barding Armor
37:00 Iron Casting
37:15 Tusk Swords
37:37 Conscription
38:29 Plate Barding Armor
38:55 Blast Furnace
37:58 Scale Mail Armor
37:58 Padded Archer Armor
43:56 Chain Mail Armor
44:46 Leather Archer Armor
45:48 Masonry
46:44 Light Cavalry
Didi
6:11 Loom
9:04 Feudal Age
9:35 Double-Bit Axe
12:12 Fletching
18:19 Padded Archer Armor
20:16 Wheelbarrow
26:20 Castle Age
24:28 Horse Collar
24:51 Gold Mining
26:24 Crossbowman
27:00 Bodkin Arrow
27:18 Thumb Ring
28:56 Ballistics
33:58 Bow Saw
37:04 Heavy Plow
38:17 Leather Archer Armor
43:51 Imperial Age
42:36 Hand Cart
42:50 Scale Mail Armor
43:00 Forging
42:52 Squires
42:37 Arson
43:56 Arbalester
44:37 Bracer
45:41 Chemistry
44:52 Masonry
44:34 Stone Mining
[LAK] CholoPayet
9:27 Feudal Age
9:14 Loom
10:02 Double-Bit Axe
12:18 Fletching
20:58 Castle Age
19:24 Padded Archer Armor
21:03 Crossbowman
21:39 Bodkin Arrow
24:43 Ballistics
25:38 Bow Saw
32:57 Imperial Age
31:32 Leather Archer Armor
33:07 Wheelbarrow
32:18 Town Watch
32:58 Arbalester
33:49 Bracer
34:20 Horse Collar
36:24 Hand Cart
37:24 Chemistry
39:42 Ring Archer Armor
39:34 Heavy Plow
40:49 Conscription
43:25 Two-Man Saw
42:55 Bloodlines
44:44 Elite Elephant Archer
45:34 Paiks
45:37 Gold Mining
46:55 Husbandry
47:31 Siege Elephant
Connection lost

Rejoining the realm…

Still unreachable

The connection could not be restored.

Session expired

The server has moved on; the page needs a fresh start.